 Dungeon Crawl Stone Soup version 0.27.1-3-gb3d3a73c9e (webtiles) character file.

Game seed: 13513951381175121351

1893 ABBCCCDDDD the Skirmisher (level 9, -4/63 HPs)
             Began as an Octopode Enchanter on Oct 7, 2021.
             Was an Initiate of Gozag.
             Killed from afar by a steam dragon (31 damage)
             ... with a ball of steam
             ... on level 7 of the Dungeon.
             The game lasted 00:18:55 (9016 turns).

ABBCCCDDDD the Skirmisher (Octopode Enchanter)      Turns: 9016, Time: 00:18:56

Health: -4/63      AC:  1    Str: 13    XL:     9   Next: 15%
Magic:  14/15      EV: 13    Int: 21    God:    Gozag
Gold:   289        SH:  0    Dex: 12    Spells: 10/16 levels left

rFire    x . .     SeeInvis .   q - +2 dire flail (protect)
rCold    + . .     Faith    .   (shield currently unavailable)
rNeg     . . .     Spirit   .   (helmet restricted)
rPois    .         Reflect  .   (no amulet)
rElec    .         Harm     .   d - ring of ice
rCorr    +         Rampage  .   a - ring of resist corrosion
Will     .....                  B - +6 ring of strength
Stlth    ++++......             (no ring)
HPRegen  0.20/turn              (no ring)
MPRegen  0.14/turn              (no ring)
                                (no ring)
                                (no ring)

@: no status effects
A: almost no armour, amphibious, 8 rings, camouflage 1, gelatinous body 1,
(nimble swimmer 1), tentacles
a: Renounce Religion, Potion Petition, Call Merchant, Bribe Branch


You were on level 7 of the Dungeon.
You worshipped Gozag.
Gozag was aware of your devotion.
You visited 2 branches of the dungeon, and saw 8 of its levels.

You collected 396 gold pieces.
You paid 107 gold pieces to Gozag.

Inventory:

Hand Weapons
 l - a +1 vampiric dagger
 q - a +2 dire flail of protection (weapon)
 u - a +0 fustibalus
 y - a +3 spear
Missiles
 v - a throwing net
 A - 19 poisoned darts
Jewellery
 a - a ring of resist corrosion (right tentacle)
 d - a ring of ice (left tentacle)
 t - a ring of ice
 B - a +6 ring of strength (on tentacle)
Wands
 o - a wand of paralysis (6)
 z - a wand of polymorph (5)
Scrolls
 c - 3 scrolls of enchant weapon
 f - a scroll of silence
 h - 2 scrolls of brand weapon {unknown}
 m - a scroll of noise {unknown}
 n - a scroll of vulnerability {unknown}
 p - 3 scrolls of fog {unknown}
 r - a scroll of teleportation {unknown}
 C - a scroll of amnesia {unknown}
Potions
 b - 2 potions of curing
 e - 2 potions of mutation {unknown}
 g - a potion of attraction {unknown}
 j - 2 potions of haste {unknown}
 k - 3 potions of magic {unknown}
 s - 2 potions of resistance {unknown}
 w - a potion of flight {unknown}
 x - a potion of brilliance {unknown}


   Skills:
 - Level 6.6 Fighting
 - Level 2.3 Short Blades
 + Level 2.9 Maces & Flails
 - Level 2.0 Dodging
 - Level 6.0 Stealth
 - Level 4.0 Spellcasting
 - Level 6.0 Hexes
 - Level 3.0 Ice Magic
 + Level 3.2 Evocations


You had 10 spell levels left.
You knew the following spells:

 Your Spells              Type           Power      Damage    Failure   Level
a - Corona                Hex            32%        N/A       1%          1
b - Ensorcelled Hibernat  Hex/Ice        68%        N/A       2%          2
c - Tukima's Dance        Hex            29%        N/A       3%          3

Your spell library contained the following spells:

 Spells                   Type           Power      Damage    Failure   Level
 Confusing Touch          Hex            29%        N/A       3%          3
 Dazzling Flash           Conj/Hex       32%        N/A       11%         3
 Iskenderun's Mystic Bla  Conj/Tloc      4%         2d3       75%         4
 Conjure Ball Lightning   Conj/Air       2%         3x3d6     100%        6
 Starburst                Conj/Fire      2%         6d3       100%        6
 Discord                  Hex            14%        N/A       100%        8
 Disjunction              Tloc           2%         N/A       100%        8


Dungeon Overview and Level Annotations

Branches:
Dungeon (7/15)             Temple (1/1) D:7

Altars:
Ashenzari
Dithmenos
Elyvilon
Fedhas
Gozag
Hepliaklqana
Makhleb
Nemelex Xobeh
Okawaru
Qazlal
Ru
Trog
Vehumet
Xom
Yredelemnul
The Shining One

Shops:
D:1 [   D:4 *


Innate Abilities, Weirdness & Mutations

You cannot wear most types of armour.
You are amphibious.
You can wear up to eight rings at the same time.
Your skin changes colour to match your surroundings (Stealth+).
Your rubbery body absorbs attacks. (AC +1, EV +1)
((You are camouflaged near water. (Stealth+)))
You have tentacles for arms and can constrict up to eight enemies at once.


Message History

a +0 short sword; 5 stones You now have 269 gold pieces (gained 7).
Things that are here:
a +0 short sword; a stone You now have 275 gold pieces (gained 6).
A - 19 poisoned darts (gained 6)
You see here a +0 club.
You now have enough gold to buy a ring of poison resistance on D:4.
You can access your shopping list by pressing '$'.
You now have 284 gold pieces (gained 9).
You see here a +0 whip.
You now have 289 gold pieces (gained 5).
Casting: Ensorcelled Hibernation (safe; 2% risk of failure)
Confirm with . or Enter, or press ? or * to list all spells.
Aiming: Ensorcelled Hibernation (safe; 2% risk of failure)
Press: ? - help, Shift-Dir - straight line, f - steam dragon
Aim: a steam dragon (wandering, hasn't noticed you, chance to affect: 62%)
You feel a surge of power!
The steam dragon looks drowsy...
Your +2 dire flail of protection goes still.
You feel a sense of dread.
l - a +1 vampiric dagger (weapon)
The helpless steam dragon fails to defend itself.
You impale the steam dragon!!
The steam dragon is severely wounded.
The steam dragon bites you. The steam dragon barely misses you.
You feel the dreadful sensation subside.
Your +2 dire flail of protection hums with potential!
q - a +2 dire flail of protection (weapon)
You closely miss the steam dragon.
The steam dragon is severely wounded.
The steam dragon closely misses you. The steam dragon claws you.
The steam dragon closely misses you. The steam dragon claws you.
You barely miss the steam dragon.
The steam dragon is severely wounded.
The steam dragon breathes steam at you. The ball of steam hits you!!
The steam scalds you terribly! The steam dragon breathes steam at you.
The ball of steam hits you!! The steam scalds you terribly!
You die...
Your body crumbles into a pile of gold.

#..)....#.......#.......
##.#####...###...#.......
##..# ##...# ###.........
.#.## #..#.#####.#.......
...# #.##......<........
#..# #)#....###.........
#..# #)#.##.####.......>
#..#####)..#§§§§§D........
..........#.....@.#.^.....
#....#.##).........#....##
...#...##..........#.##.#
...##.................#..
...#..#............#..#
##.#.##.##..............
##......###.......######.
#...######....<....# ...
......# #.........##....


You could see a steam dragon (catching breath).

Levels and vault maps discovered:
D:1:      saegor_arrival_miasma, layout_basic, serial_shops,
          nicolae_shop_crystal, shapermc_ecumenical_altar_mp_highgroup,
          minmay_lizard_pond
D:2:      layout_basic
D:3:      layout_basic, minmay_randomly_rotated_circles
D:4:      layout_cave_pods, mainiacjoe_overflow_small_starburst, serial_shops,
          nicolae_shop_statue_plus, minmay_surrounded, uniq_grinder
D:5:      layout_gridville, chequers_serial_rivers_micro_a
D:6:      layout_loops_corners, uniq_edmund, uniq_pikel
D:7:      layout_rooms, temple_green
Temple:   kilobyte_greek_temple

Notes
Turn   | Place    | Note
-------+----------+-------------------------------------------
     0 | D:1      | ABBCCCDDDD the Octopode Enchanter began the quest for the
                  | Orb.
     0 | D:1      | Reached XP level 1. HP: 11/11 MP: 3/3
    47 | D:1      | Found a faded altar of an unknown god.
   224 | D:1      | Reached XP level 2. HP: 18/18 MP: 5/5
   751 | D:1      | Reached skill level 1 in Fighting
  1002 | D:1      | Found Busoing's Armour Emporium.
  1192 | D:2      | Reached XP level 3. HP: 23/23 MP: 6/6
  1798 | D:2      | Reached XP level 4. HP: 27/28 MP: 7/7
  2213 | D:3      | Noticed an ice beast
  2651 | D:3      | Reached skill level 5 in Stealth
  3061 | D:3      | Learned a level 2 spell: Ensorcelled Hibernation
  3372 | D:3      | Reached XP level 5. HP: 34/34 MP: 8/8
  3791 | D:3      | Reached skill level 1 in Ice Magic
  3982 | D:4      | Found a basalt altar of Yredelemnul.
  4020 | D:4      | Reached XP level 6. HP: 37/41 MP: 9/9
  4345 | D:4      | Learned a level 3 spell: Tukima's Dance
  4925 | D:4      | Found Zoyvul's General Store.
  5005 | D:5      | Entered Level 5 of the Dungeon
  5058 | D:5      | Noticed a water moccasin
  5245 | D:6      | Noticed Edmund
  5535 | D:6      | Noticed Pikel
  5549 | D:6      | Killed Pikel
  5550 | D:6      | Reached skill level 5 in Hexes
  5550 | D:6      | Reached XP level 7. HP: 42/49 MP: 4/11
  5714 | D:6      | Reached XP level 8. HP: 37/54 MP: 12/12
  5828 | D:6      | Reached skill level 5 in Fighting
  6522 | D:7      | Found a staircase to the Ecumenical Temple.
  6528 | Temple   | Entered the Ecumenical Temple
  6630 | Temple   | Became a worshipper of Gozag Ym Sagoz the Greedy
  7417 | D:6      | Killed Edmund
  7923 | D:6      | Reached skill level 1 in Maces & Flails
  7923 | D:6      | Reached skill level 1 in Evocations
  8429 | D:7      | Reached XP level 9. HP: 53/63 MP: 14/14
  9016 | D:7      | Killed from afar by a steam dragon

Table legend: (Time is in decaauts)
 A = Elapsed time spent in this place.
 B = Non-inter-level travel time spent in this place.
 C = Inter-level travel time spent in this place.
 D = Time resting spent in this place.
 E = Time spent auto-exploring this place.
 F = Levels seen in this place.
 G = Mean time per level.
                   A        B        C        D        E       F      G
               +--------+--------+--------+--------+--------+-----+--------+
         Total |   8994 |   8730 |    264 |   3257 |   3364 |   8 | 1124.2 |
       Dungeon |   8859 |   8626 |    233 |   3257 |   3268 |   7 | 1265.6 |
        Temple |    134 |    103 |     31 |      0 |     96 |   1 |  134.0 |
               +--------+--------+--------+--------+--------+-----+--------+

Top non-repeatable levels by time:
     D:6: 1797 daAuts
     D:7: 1533 daAuts
     D:3: 1497 daAuts
     D:1: 1184 daAuts
     D:4: 1172 daAuts
     D:2: 1165 daAuts
     D:5: 509 daAuts
  Temple: 134 daAuts

Table legend:
 A = Kills in this place as a percentage of kills in entire the game.
 B = Kills by you in this place as a percentage of kills by you in the entire game.
 C = Kills by friends in this place as a percentage of kills by friends in the entire game.
 D = Other kills in this place as a percentage of other kills in the entire game.
 E = Experience gained in this place as a percentage of experience gained in the entire game.
 F = Experience gained in this place divided by the number of levels of this place that you have seen.
                   A       B       C       D       E      F
               +-------+-------+-------+-------+-------+----------------------
         Total | 100.0 | 100.0 | 100.0 |   N/A | 100.0 | 338.1
       Dungeon | 100.0 | 100.0 | 100.0 |   N/A | 100.0 | 386.4
               +-------+-------+-------+-------+-------+----------------------

Action                   |  1- 3 |  4- 6 |  7- 9 || total
-------------------------+-------+-------+-------++-------
Melee: Dagger            |    70 |   185 |    95 ||   350
       Constrict         |    11 |    35 |    13 ||    59
       Tentacles         |     8 |    31 |    27 ||    66
       Dire flail        |       |       |    63 ||    63
 Cast: Corona            |       |     1 |     2 ||     3
       Ensorcelled Hiber |       |     1 |    16 ||    17
       Tukima's Dance    |       |     1 |     1 ||     2
  Use: Scroll            |       |       |     3 ||     3
 Stab: Sleeping          |    17 |    18 |    14 ||    49
       Distracted        |     1 |       |     2 ||     3
Armor: Skin              |     5 |     9 |    23 ||    37
Dodge: Dodged            |    22 |   107 |   118 ||   247

Vanquished Creatures
  Pikel (D:6)
  A water moccasin (D:6)
  A hornet zombie (D:7)
  A centaur (D:7)
  A lemure (D:6)
  2 phantoms (D:6)
  A kobold brigand (D:7)
  2 bullfrogs (D:6)
  A wyvern zombie (D:7)
  A wyvern skeleton (D:7)
  A water moccasin skeleton (D:6)
  A howler monkey (D:7)
  A bullfrog zombie (D:6)
  A jelly (D:7)
  3 orc priests
  A gnoll shaman (D:7)
  An iguana (D:6)
  2 bullfrog skeletons
  A centaur skeleton (D:5)
  An orc wizard (D:3)
  A hound skeleton (D:3)
  6 gnolls (D:7)
  7 adders
  A shadow imp (D:7)
  A white imp (D:4)
  3 dart slugs
  3 worms
  13 orcs
  6 ball pythons
  3 bats
  3 endoplasms
  4 giant cockroaches
  7 goblins
  6 hobgoblins
  6 jackals (D:4)
  6 quokkas
  8 frilled lizards
  A jackal skeleton (D:4)
  10 kobolds
  4 rats
124 creatures vanquished.

Vanquished Creatures (collateral kills)
  Edmund (D:6)
1 creature vanquished.

Vanquished Creatures (others)
  A dancing weapon (D:6)
1 creature vanquished.

Grand Total: 126 creatures vanquished
